 Dungeon Crawl Stone Soup version 0.32-a0-898-g7811c86cf0 (webtiles) character file.

Game seed: 2893807961743337672

73 Autsider the Caller (level 4, -2/24 HPs)
             Began as a Tengu Summoner on Apr 4, 2024.
             Slain by a gnoll
             ... wielding a +0 whip
              (8 damage)
             ... on level 2 of the Dungeon.
             The game lasted 00:04:52 (1780 turns).

Autsider the Caller (Tengu Summoner)                Turns: 1780, Time: 00:04:53

Health: -2/24      AC:  2    Str:  8    XL:     4   Next: 27%
Magic:  6/9        EV: 11    Int: 17    God:
Gold:   147        SH:  0    Dex: 15    Spells: 5/9 levels left

rFire   . . .        j - +0 mace
rCold   . . .        (no shield)
rNeg    . . .        a - +0 robe
rPois   .            (helmet restricted)
rElec   .            (no cloak)
rCorr   .            (no gloves)
SInv    .            (boots unavailable)
Will    .....        (no amulet)
Stlth   ++           (no ring)
HPRegen 0.24/turn    (no ring)
MPRegen 0.11/turn

%: acrobat
@: inugami summoned
A: beak, talons 3, acrobatic
a: no special abilities


You were on level 2 of the Dungeon.
You visited 1 branch of the dungeon, and saw 2 of its levels.

You collected 147 gold pieces.

Inventory:

Hand Weapons
 j - a +0 mace (weapon)
Armour
 a - a +0 robe (worn)
Scrolls
 f - a scroll of identify {unknown}
 i - 2 scrolls of enchant weapon {unknown}
 k - a scroll of teleportation {unknown}
 l - a scroll of vulnerability {unknown}
 m - a scroll of torment {unknown}
Potions
 b - a potion of magic
 c - 2 potions of lignification {unknown}
 d - 2 potions of curing {unknown}
 e - a potion of degeneration {unknown}
 g - a potion of haste {unknown}
 h - 2 potions of enlightenment {unknown}


   Skills:
 - Level 2.1 Dodging
 - Level 2.0 Stealth
 + Level 3.2 Spellcasting
 + Level 5.9 Summonings


You had 5 spell levels left.
You knew the following spells:

 Your Spells              Type           Power      Damage    Failure   Level
a - Summon Small Mammal   Summ           88%        N/A       1%          1
A - Call Canine Familiar  Summ           22%        N/A       4%          3

Your spell library contained the following spells:

 Spells                   Type           Power      Damage    Failure   Level
 Call Imp                 Summ           44%        N/A       2%          2
 Summon Ice Beast         Ice/Summ       12%        N/A       16%         3
 Sandblast                Erth           4%         2d4       17%         1
 Hailstorm                Conj/Ice       2%         3d5       45%         3
 Stone Arrow              Conj/Erth      4%         3d7       45%         3
 Summon Blazeheart Golem  Fire/Summ      12%        N/A       45%         4
 Summon Lightning Spire   Summ/Air       12%        N/A       45%         4
 Brom's Barrelling Bould  Conj/Erth      2%         2d3       86%         4
 Permafrost Eruption      Ice/Erth       1%         2x4d1     100%        6
 Sculpt Simulacrum        Ice/Alch       1%         N/A       100%        6


Dungeon Overview and Level Annotations

Branches:
Dungeon (2/15)

Altars:


Innate Abilities, Weirdness & Mutations

You have a beak for a mouth.
You have claws for feet.
You can magically evade attacks while moving or waiting.


Message History

Your bat barely misses the gnoll.
There are monsters nearby!
There are monsters nearby!
The gnoll completely misses you.
Your rat bites the gnoll.
You hit the gnoll. Your kick misses the gnoll.
The gnoll is moderately wounded.
Your bat hits the gnoll but does no damage.
The gnoll hits you with a +0 halberd!
Your rat completely misses the gnoll.
The gnoll closely misses you.
You hit the gnoll. Your kick misses the gnoll.
You peck the gnoll, but do no damage.
The gnoll is heavily wounded.
Your bat barely misses the gnoll.
The gnoll hits you from afar with a +0 spear.
* * * LOW HITPOINT WARNING * * *
Your rat barely misses the gnoll.
The gnoll hits your rat with a +0 halberd!
Your rat dies!
Your rat's corpse disappears in a puff of smoke!
The gnoll closely misses you.
You barely miss the gnoll. Your peck misses the gnoll.
The gnoll is heavily wounded.
Your bat hits the gnoll but does no damage.
The gnoll hits you with a +0 halberd.
* * * LOW HITPOINT WARNING * * *
The net rips apart, and your inugami comes free!
The gnoll hits you but does no damage.
Your bat closely misses the gnoll.
The gnoll completely misses you. The gnoll barely misses you.
Your bat hits the gnoll but does no damage. x2
Your bat hits the gnoll. Something completely misses your bat.
Something barely misses your bat.
Your bat hits the gnoll. x2; The gnoll attacks as it pursues you!
The gnoll hits you with a +0 whip.
* * * LOW HITPOINT WARNING * * *
Casting: Summon Small Mammal (safe; 1% risk of failure)
Confirm with . or Enter, or press ? or * to list all spells.
Your bat hits the gnoll but does no damage.
Your bat misses the gnoll. x2; The gnoll hits you with a +0 whip!
You die...

.....#...#........#..........#...
.....#.#.#.#########.###.#.#.#...
.........#.# #.......#...#.#.
#....#..##.# #.#.#########.#†
#..<.#..##.#######.#.###.....#.#.
####.#...................>.......
.....#...........###.....###.#.#.
####################.#######.#.#)
#.bg@r.............#.
#####g######....###.## #.
#.........##......#.# #.
#.........##......#.####.
#....h....##........#....
#.........##......#...###
#.........##......#...#
#..........#......#...# #
#..........#......#...###


You could see 2 gnolls, a friendly quokka (summoned) and a friendly bat
(summoned).

Vanquished Creatures
  2 ribbon worms (D:2)
  A dart slug (D:1)
  4 bats
  An endoplasm (D:1)
  A giant cockroach (D:1)
  A jackal (D:1)
  2 quokkas (D:2)
  4 ball pythons
  2 frilled lizards (D:1)
  A rat (D:1)
19 creatures vanquished.

Vanquished Creatures (collateral kills)
  Terence (D:2)
  A dart slug (D:2)
  4 ball pythons (D:1)
  2 endoplasms
  A giant cockroach (D:1)
  A goblin (D:1)
  3 hobgoblins
  2 jackals (D:1)
  3 kobolds (D:1)
  2 bats (D:1)
  A frilled lizard (D:1)
  2 rats
23 creatures vanquished.

Grand Total: 42 creatures vanquished

Notes
Turn   | Place    | Note
-------+----------+-------------------------------------------
     0 | D:1      | Autsider the Tengu Summoner began the quest for the Orb.
     0 | D:1      | Reached XP level 1. HP: 10/10 MP: 4/4
   151 | D:1      | Reached skill level 5 in Summonings
   156 | D:1      | Reached XP level 2. HP: 13/15 MP: 3/6
   308 | D:1      | Found a faded altar of an unknown god.
   458 | D:1      | Reached XP level 3. HP: 19/19 MP: 7/7
   462 | D:1      | Learned a level 3 spell: Call Canine Familiar
  1514 | D:2      | Noticed Terence
  1532 | D:2      | Killed Terence
  1533 | D:2      | Reached XP level 4. HP: 17/24 MP: 9/9
  1780 | D:2      | Slain by a gnoll

Illustrated notes

Levels and vault maps discovered:
D:1:      scummos_arrival_star, layout_basic,
          shapermc_ecumenical_altar_flowoftime, minmay_hexomino_c4
D:2:      layout_basic, minmay_misc_feat_cross, corexii_corridor_pit,
          uniq_robin, uniq_terence

Skill      XL: |  1  2  3 |
---------------+----------+-----
Summonings     | 5 |  5.9
Spellcasting   | 3 |  3.2
Dodging        | |  2.1
Stealth        | |  2.0

Action                     |  1- 3 |  4- 6 || total
---------------------------+-------+-------++-------
  Melee: Club              |    49 |       ||    49
         Peck              |    12 |     2 ||    14
         Kick              |    14 |     1 ||    15
         Mace              |    13 |     8 ||    21
   Cast: Summon Small Mamm |    10 |     5 ||    15
         Call Canine Famil |     4 |     2 ||     6
   Stab: Sleeping          |     6 |       ||     6
 Armour: Robe              |    49 |     9 ||    58
  Dodge: Dodged            |    52 |    11 ||    63

Table legend: (Time is in decaauts)
 A = Elapsed time spent in this place.
 B = Non-inter-level travel time spent in this place.
 C = Inter-level travel time spent in this place.
 D = Time resting spent in this place.
 E = Time spent auto-exploring this place.
 F = Levels seen in this place.
 G = Mean time per level.
                   A        B        C        D        E       F      G
               +--------+--------+--------+--------+--------+-----+--------+
         Total |   1801 |   1758 |     43 |     21 |   1343 |   2 |  900.5 |
       Dungeon |   1801 |   1758 |     43 |     21 |   1343 |   2 |  900.5 |
               +--------+--------+--------+--------+--------+-----+--------+

Top non-repeatable levels by time:
     D:1: 1254 daAuts
     D:2: 547 daAuts
